Map: [ESL] Glittering Ashes

Players

Kelazhur

  • Race: Terran Terran

uThermal - Winner!

  • Race: Terran Terran

Event: IEM Katowice 2022

VOD

Have the link to the VOD?

Description

Time

  • Played on: Feb. 23, 2022, 5:46 a.m.
  • Length: 25:47

All games in this series

Show
View Real Time Build Order
Export as new Build Order

Kelazhur Terran 

Build Orders:  

Get SALT Encoding   

  12  0:00  SCV  
  13  0:12  SCV  
  14  0:17  Supply Depot  
  14  0:24  SCV  
  15  0:38  SCV  
  15  0:39  Barracks  
  16  0:44  Refinery  
  16  0:56  Barracks  
  16  1:00  SCV  
  17  1:12  SCV  
  18  1:27  Reaper  
  18  1:29  Supply Depot, Orbital Command  
  19  1:40  Refinery  
  19  1:45  Reaper  
  20  1:56  SCV  
  21  2:06  Reaper  
  21  2:08  SCV  
  23  2:17  Reaper  
  23  2:20  SCV  
  25  2:26  Command Center  
  25  2:35  SCV  
  26  2:44  Reaper  
  26  2:46  Bunker  
  26  2:47  SCV  
  28  2:54  Factory  
  29  2:58  Reaper  
  29  2:59  SCV  
  30  3:11  SCV  
  29  3:16  Reaper  
  29  3:21  Supply Depot  
  29  3:23  SCV  
  30  3:32  Reaper  
  31  3:36  SCV  
  31  3:39  Orbital Command  
  31  3:40  Factory Tech Lab  
  31  3:44  Starport  
  31  3:48  SCV  
  31  3:52  Barracks Reactor  
  32  4:01  SCV, Cyclone  
  36  4:03  Refinery  
  36  4:08  SCV  
  37  4:13  SCV  
  38  4:17  Supply Depot  
  38  4:20  SCV  
  38  4:22  Starport Tech Lab  
  39  4:25  SCV  
  39  4:29  Marine x2  
  42  4:32  SCV  
  42  4:36  Cyclone  
  42  4:37  SCV  
  47  4:45  SCV  
  48  4:47  Marine x2  
  48  4:49  Supply Depot, SCV  
  48  4:50  Raven  
  53  4:57  SCV  
  54  5:01  SCV  
  54  5:05  Marine x2  
  57  5:08  Siege Tank  
  57  5:09  SCV  
  57  5:13  SCV  
  62  5:16  Command Center  
  62  5:21  SCV  
  63  5:24  Marine x2  
  63  5:25  SCV  
  66  5:32  Raven  
  66  5:33  SCV  
  66  5:35  Supply Depot  
  69  5:36  Supply Depot  
  69  5:37  SCV, Refinery  
  70  5:50  Barracks  
  70  5:53  Barracks  
  70  5:56  SCV x2, Marine x2, Siege Tank  
  77  6:04  Supply Depot  
  77  6:09  SCV x2, Engineering Bay  
  77  6:10  Engineering Bay  
  73  6:21  SCV x2  
  73  6:33  SCV x2  
  73  6:35  Siege Tank  
  73  6:38  Orbital Command  
  73  6:39  Terran Infantry Weapons Level 1, Terran Infantry Armor Level 1  
  79  6:45  SCV x2  
  79  6:46  Barracks Reactor x2  
  79  6:50  Supply Depot  
  79  6:54  Barracks x2  
  79  6:56  Marine  
  79  6:57  SCV, Viking  
  79  7:00  Orbital Command  
  79  7:01  Viking  
  85  7:03  Stimpack  
  85  7:07  SCV  
  86  7:09  SCV  
  81  7:19  SCV  
  81  7:20  Marine  
  81  7:21  SCV  
  81  7:26  Marine  
  81  7:27  Viking  
  82  7:30  SCV  
  82  7:31  SCV, Viking  
  82  7:32  Marine x2  
  82  7:33  SCV, Marine  
  82  7:36  Siege Tank  
  93  7:42  Barracks Reactor x2, SCV  
  93  7:43  SCV  
  95  7:45  SCV  
  96  7:55  SCV x2  
  96  7:57  SCV  
  99  7:58  Marine x2  
  99  7:59  Marine  
  99  8:04  Marine  
  99  8:05  Marine, Medivac x2  
  104  8:07  SCV x2  
  104  8:10  SCV  
  104  8:11  Supply Depot  
  111  8:16  Marine  
  111  8:19  SCV, Armory  
  114  8:20  SCV  
  114  8:22  SCV, Marine x2  
  117  8:27  Supply Depot x2  
  117  8:33  SCV, Marine x4, Siege Tank  
  125  8:34  SCV  
  125  8:36  SCV  
  125  8:41  Marine x2  
  119  8:42  Combat Shield  
  119  8:45  SCV, Marine  
  119  8:46  SCV, Marine  
  119  8:48  Marine  
  117  8:49  SCV, Medivac x2  
  117  8:50  Marine x2  
  117  8:55  Marine x2  
  125  8:57  SCV, Refinery  
  125  8:58  Refinery, Marine  
  125  9:00  Marine  
  125  9:01  SCV  
  130  9:03  Marine  
  130  9:04  Marine  
  130  9:05  Siege Tank, Sensor Tower  
  130  9:06  Marine  
  130  9:08  Marine x2  
  130  9:09  Terran Infantry Weapons Level 2  
  138  9:13  Marine x2  
  138  9:16  Marine  
  139  9:17  Marine  
  139  9:22  Marine  
  141  9:26  Command Center  
  141  9:29  Supply Depot  
  141  9:31  Supply Depot  
  141  9:32  Marine  
  141  9:34  Terran Infantry Armor Level 2  
  141  9:38  Supply Depot  
  142  9:43  Marine, Siege Tank  
  142  9:44  Marine  
  147  9:46  Marine x2  
  147  9:50  Marine x4  
  153  9:52  Supply Depot  
  153  9:56  Marine  
  154  10:01  Marine  
  154  10:02  Marine  
  154  10:03  Marine  
  154  10:06  Terran Vehicle Weapons Level 1, Marine  
  158  10:08  Marine x2  
  158  10:13  Marine  
  160  10:14  Marine  
  160  10:16  Siege Tank  
  160  10:19  Marine  
  160  10:20  Marine, Medivac  
  160  10:21  Factory  
  167  10:23  Barracks Reactor  
  167  10:25  Marine  
  167  10:26  Marine x3  
  171  10:30  Marine  
  171  10:35  Marine  
  170  10:38  SCV x3, Marine  
  170  10:40  Marine  
  170  10:43  Marine  
  170  10:47  Marine  
  170  10:48  Siege Tank  
  169  10:50  SCV, Marine  
  167  11:03  Marine  
  155  11:04  Marine  
  155  11:05  Marine x6  
  155  11:09  Siege Tank  
  155  11:10  Medivac x2  
  159  11:11  Marine  
  159  11:17  Marine  
  161  11:20  Siege Tank  
  161  11:21  Marine  
  161  11:22  SCV x3  
  168  11:27  Marine  
  168  11:31  Terran Infantry Weapons Level 3  
  169  11:34  SCV x3, Marine  
  169  11:36  Marine, Sensor Tower  
  169  11:39  Marine, Medivac  
  175  11:40  Marine, Medivac  
  175  11:41  Siege Tank  
  182  11:51  Marine x3  
  182  11:52  Terran Infantry Armor Level 3  
  185  11:57  Marine x6  
  191  12:03  Planetary Fortress  
  191  12:08  Terran Vehicle Weapons Level 2  
  191  12:09  Medivac  
  193  12:17  Siege Tank  
  193  12:20  Refinery  
  193  12:21  Refinery  
  193  12:22  Supply Depot  
  196  12:37  Siege Tank, Command Center  
  196  12:38  Missile Turret  
  196  12:40  Missile Turret  
  196  12:44  Marine  
  196  12:50  Marine x3  
  200  12:56  Barracks x3, Starport  
  200  12:57  Starport  
  198  13:16  Marine x2  
  177  13:43  Marine x3, Siege Tank x2  
  177  13:47  Marine  
  177  13:48  Starport Tech Lab x2, Marine  
  182  13:53  Command Center  
  165  14:05  Marine x2  
  165  14:06  Marine x9  
  165  14:07  Marine x2  
  132  14:15  Siege Tank x2  
  138  14:19  Raven x2, Corvid Reactor  
  138  14:21  Medivac x2  
  138  14:23  Marine x2  
  138  14:24  Marine x11  
  148  14:29  Terran Vehicle Weapons Level 3  
  154  14:40  Planetary Fortress, Marine  
  154  14:41  Marine  
  154  14:42  SCV x3, Marine x8  
  167  14:52  Siege Tank  
  170  14:53  Marine  
  170  14:54  SCV x2, Marine  
  165  15:11  Marine, Siege Tank  
  165  15:12  Raven x2, Marine x5  
  177  15:22  Marine x2  
  177  15:23  Marine x5  
  184  15:29  Marine  
  184  15:30  Marine x5  
  186  15:40  Marine x4  
  186  15:41  Marine x3  
  186  15:42  Neosteel Armor, Hi-Sec Auto Tracking  
  173  15:44  Siege Tank  
  173  15:47  Marine x2  
  173  15:48  Marine x4  
  179  15:50  Medivac x2  
  179  15:53  Orbital Command  
  182  15:58  Marine x2  
  182  16:01  Marine  
  168  16:19  Marine  
  168  16:21  Marine  
  168  16:22  Marine x8  
  168  16:23  Siege Tank x2  
  168  16:24  Raven x2, Medivac x2  
  170  16:45  Marine x3  
  172  16:54  Liberator  
  172  16:55  Marine  
  173  17:01  Marine  
  173  17:04  Marine  
  175  17:13  Raven x2  
  179  17:16  Siege Tank  
  179  17:17  Marine  
  179  17:19  Marine  
  179  17:20  Marine  
  178  17:28  Marine  
  178  17:29  Marine, Siege Tank  
  170  17:32  Marine x8  
  170  17:34  Marine  
  179  17:37  Marine x2  
  181  17:49  Orbital Command, Siege Tank  
  183  17:53  Marine x2  
  183  17:54  Marine x6  
  187  18:00  Marine  
  187  18:01  Siege Tank  
  191  18:09  Marine x4  
  191  18:11  SCV, Marine x2  
  191  18:12  SCV  
  199  18:22  Raven  
  199  18:29  Terran Vehicle And Ship Armor Level 1  
  194  18:43  Marine x5  
  194  18:47  Sensor Tower  
  199  18:50  Sensor Tower  
  199  18:57  Command Center  
  199  19:02  Marine  
  192  19:08  Medivac x2  
  193  19:17  Command Center  
  193  19:26  Raven  
  193  19:35  SCV  
  193  19:36  SCV x3, Refinery  
  193  19:37  Missile Turret, Refinery  
  193  19:38  Sensor Tower  
  197  19:47  Medivac  
  198  19:54  Marine  
  198  19:57  Marine x2  
  199  20:11  Siege Tank  
  179  20:14  Marine  
  179  20:17  Marine x6  
  179  20:18  Marine  
  163  20:31  Command Center  
  145  20:45  Missile Turret  
  145  20:46  Command Center  
  133  21:17  Planetary Fortress, Factory  
  129  21:19  Refinery x2  
  129  21:20  Missile Turret  
  125  21:49  Orbital Command  
  125  21:58  Supply Depot x2  
  125  22:00  Supply Depot x3  
  125  22:05  Planetary Fortress  
  125  22:08  Supply Depot  
  124  22:21  Marine x3  
  108  22:27  Marine  
  108  22:28  Marine  
  104  22:32  Factory Tech Lab  
  104  22:34  Starport  
  104  22:36  Barracks x2  
  104  22:39  Marine x3  
  104  22:45  Marine x2  
  99  22:56  Marine  
  99  22:57  Marine x2  
  75  22:59  Siege Tank  
  75  23:03  Marine x2  
  76  23:11  Medivac  
  78  23:14  Marine x3  
  80  23:21  Marine x2  
  78  23:32  Marine x3  
  80  23:39  Marine x2  
  70  23:50  Marine x3  
  70  23:56  Marine  
  70  23:57  Marine  
  70  24:00  Barracks  
  70  24:01  Factory  
  70  24:04  Barracks  
  70  24:08  Marine x3  
  70  24:14  Marine x2  
  71  24:25  Marine  
  71  24:26  Marine x2  
  71  24:32  Marine x2  
  73  24:43  Marine x2  
  73  24:44  Factory Tech Lab, Marine  
  76  24:47  Starport, Marine  
  76  24:50  Marine x2  
  77  25:01  Marine x3  
  77  25:05  Marine  
  81  25:08  Marine x2  
  81  25:10  Siege Tank  
  83  25:19  Marine x3  
  86  25:23  Marine  
  86  25:25  Marine  
  87  25:35  Supply Depot  
Show
View Real Time Build Order
Export as new Build Order

uThermal Terran - Winner!

Build Orders: Gas First Reaper Expand 

Get SALT Encoding   

  12  0:00  SCV  
  13  0:12  SCV  
  14  0:17  Supply Depot  
  14  0:24  SCV  
  14  0:27  Refinery  
  15  0:38  SCV  
  16  0:44  Barracks  
  16  0:50  SCV  
  17  1:02  SCV  
  18  1:15  SCV  
  19  1:31  Reaper, Orbital Command  
  20  1:44  Command Center  
  20  1:56  Factory  
  20  1:58  SCV  
  21  2:04  Barracks Reactor  
  21  2:10  SCV  
  21  2:14  Supply Depot  
  22  2:23  SCV  
  22  2:24  Refinery  
  23  2:33  Reaper  
  23  2:36  SCV  
  24  2:40  Hellion  
  24  2:48  SCV  
  25  2:58  Supply Depot  
  25  3:00  SCV  
  25  3:01  Hellion  
  25  3:05  Reaper  
  25  3:14  SCV  
  25  3:21  Starport  
  25  3:22  Hellion  
  25  3:27  SCV  
  28  3:39  SCV  
  29  3:44  Barracks Reactor  
  29  3:51  SCV  
  29  3:53  Factory Tech Lab  
  29  3:54  Orbital Command  
  30  3:56  Refinery  
  30  3:57  Starport Tech Lab  
  30  4:03  SCV  
  31  4:12  Cyclone  
  31  4:15  SCV  
  35  4:19  Banshee  
  35  4:21  SCV  
  35  4:22  Marine x2  
  41  4:27  SCV  
  42  4:33  SCV  
  43  4:39  SCV  
  43  4:45  Command Center  
  44  4:48  SCV  
  44  4:51  SCV  
  46  4:55  Siege Tank  
  49  5:02  Supply Depot  
  49  5:04  Raven  
  49  5:07  Marine x2  
  51  5:11  SCV  
  54  5:17  Refinery  
  54  5:23  SCV x2  
  54  5:24  Supply Depot  
  54  5:28  Siege Tank  
  59  5:31  Marine  
  59  5:32  Marine  
  61  5:35  SCV  
  62  5:46  Supply Depot, SCV  
  62  5:47  Raven  
  62  5:49  Marine  
  66  5:50  Marine  
  66  5:52  SCV  
  68  6:00  Siege Tank  
  68  6:01  Orbital Command  
  68  6:03  SCV  
  72  6:05  SCV  
  72  6:07  Marine  
  72  6:09  Marine  
  75  6:15  SCV  
  76  6:19  SCV  
  78  6:27  SCV  
  78  6:28  SCV  
  78  6:32  Siege Tank  
  86  6:35  SCV  
  86  6:39  SCV  
  81  6:41  Supply Depot  
  81  6:43  Viking x2  
  81  6:46  Orbital Command, Marine, Stimpack  
  86  6:47  Supply Depot  
  86  6:51  SCV x2  
  88  7:03  SCV, Barracks  
  88  7:04  SCV, Marine, Siege Tank  
  88  7:05  Barracks  
  94  7:13  Viking x2  
  94  7:14  SCV  
  94  7:15  SCV  
  100  7:17  SCV  
  99  7:23  Marine  
  99  7:26  SCV  
  99  7:27  SCV  
  97  7:32  SCV, Engineering Bay  
  97  7:33  Engineering Bay  
  97  7:36  Siege Tank  
  100  7:39  SCV  
  100  7:43  Viking  
  103  7:44  Supply Depot  
  103  7:47  Viking  
  103  7:49  Marine  
  103  7:50  SCV  
  107  7:56  Barracks Reactor  
  107  7:57  Barracks Reactor  
  107  8:00  Terran Infantry Weapons Level 1, Terran Infantry Armor Level 1  
  107  8:01  Supply Depot, SCV  
  108  8:07  Marine  
  108  8:08  SCV, Siege Tank  
  108  8:10  SCV  
  114  8:13  Viking  
  116  8:20  SCV  
  116  8:21  Supply Depot  
  116  8:22  Viking  
  116  8:25  Marine  
  116  8:27  SCV, Refinery x2  
  121  8:34  SCV, Marine  
  122  8:40  SCV, Siege Tank  
  125  8:43  Viking, Marine  
  125  8:44  SCV  
  125  8:45  Marine  
  125  8:46  Marine  
  129  8:52  Supply Depot, Liberator, Marine, Combat Shield  
  133  9:01  Missile Turret  
  133  9:03  Sensor Tower  
  133  9:08  Missile Turret  
  133  9:10  Supply Depot  
  133  9:14  SCV, Marine x4  
  133  9:15  Marine  
  133  9:16  Armory  
  139  9:21  Medivac  
  141  9:30  Supply Depot  
  141  9:32  SCV, Marine x2, Siege Tank  
  141  9:34  SCV  
  141  9:35  Supply Depot  
  148  9:39  Marine  
  149  9:51  Marine x3  
  149  9:52  SCV, Marine  
  153  9:53  Supply Depot  
  153  9:57  Marine  
  155  10:04  Siege Tank  
  155  10:06  Command Center  
  158  10:09  Marine  
  159  10:16  Factory  
  159  10:18  Marine x3  
  159  10:20  Supply Depot  
  162  10:27  Marine  
  160  10:29  Barracks Reactor  
  160  10:31  Barracks, Terran Infantry Armor Level 2, Terran Infantry Weapons Level 2  
  160  10:33  Barracks  
  160  10:34  Supply Depot  
  160  10:36  Marine  
  160  10:40  Siege Tank  
  161  10:48  Marine x2  
  163  10:50  Marine  
  163  10:52  Medivac  
  163  10:53  Marine  
  167  10:57  Medivac  
  156  11:06  Marine x2  
  156  11:08  Marine  
  155  11:11  Marine x2  
  155  11:12  Marine  
  155  11:14  Siege Tank x2  
  155  11:17  Terran Vehicle Weapons Level 1  
  164  11:22  Medivac  
  164  11:24  Marine x2  
  168  11:25  Marine  
  168  11:27  Medivac  
  168  11:29  Marine x2  
  168  11:30  Missile Turret, Marine  
  168  11:32  SCV x2  
  176  11:33  SCV, Missile Turret  
  177  11:42  Marine x2  
  177  11:43  Marine  
  177  11:44  SCV, Sensor Tower  
  177  11:45  SCV x2  
  183  11:47  Marine x2  
  183  11:49  Planetary Fortress  
  185  11:54  Marine  
  186  12:01  Viking x2  
  186  12:02  Marine x2  
  186  12:04  Barracks Reactor x2  
  186  12:06  Marine, Siege Tank  
  196  12:09  Marine  
  196  12:16  Marine x2  
  196  12:17  Starport  
  196  12:18  Starport  
  198  12:23  Refinery, Marine  
  198  12:24  Marine  
  198  12:25  Refinery  
  200  12:44  Command Center  
  200  12:46  Command Center  
  200  12:51  Missile Turret  
  200  12:56  Starport Tech Lab x2, Missile Turret  
  200  12:58  Missile Turret  
  200  12:59  Terran Infantry Armor Level 3, Terran Infantry Weapons Level 3  
  200  13:11  Command Center  
  200  13:16  Corvid Reactor  
  200  13:29  Sensor Tower  
  192  13:45  Siege Tank  
  192  13:46  Marine x4  
  192  13:48  Viking, Raven x2  
  187  13:49  Viking, Marine  
  187  13:50  Marine x2  
  184  14:08  Marine x2, Siege Tank  
  161  14:10  Orbital Command, Marine x2  
  161  14:13  Marine  
  161  14:14  Marine  
  161  14:16  Marine  
  163  14:17  Siege Tank  
  163  14:18  Marine  
  167  14:26  Marine x2  
  167  14:31  Raven, Marine  
  169  14:32  Raven  
  159  14:39  Marine  
  159  14:40  Siege Tank  
  159  14:41  Marine x2  
  159  14:42  Marine  
  166  14:46  Marine  
  166  14:47  Marine  
  166  14:49  Viking, Siege Tank  
  166  14:52  Viking  
  175  14:56  Missile Turret  
  175  14:57  Missile Turret, Marine  
  175  14:59  Missile Turret x3  
  176  15:04  Marine x2  
  178  15:12  Planetary Fortress, Siege Tank  
  178  15:13  SCV x2  
  178  15:14  Raven  
  185  15:15  Raven  
  185  15:19  Viking  
  187  15:21  Siege Tank  
  187  15:37  Marine  
  187  15:38  Marine  
  187  15:41  Viking  
  177  15:44  Siege Tank  
  180  15:51  Sensor Tower  
  180  15:53  Command Center  
  180  15:54  Terran Ship Weapons Level 1, Armory, Siege Tank  
  180  15:55  Marine x2  
  184  16:15  Marine x2  
  184  16:16  Siege Tank  
  179  16:20  Marine x2  
  179  16:21  Marine  
  182  16:26  Siege Tank  
  182  16:29  Marine  
  182  16:30  Raven  
  182  16:31  Marine x2  
  182  16:43  Terran Vehicle And Ship Armor Level 1, Marine  
  182  16:44  Marine x2  
  179  16:48  Siege Tank  
  179  16:49  Marine  
  179  16:50  Marine x3  
  179  16:51  Marine  
  187  16:58  Siege Tank  
  190  17:01  Marine  
  190  17:04  Marine x2  
  190  17:06  Marine  
  190  17:08  Marine x2  
  191  17:09  Marine  
  191  17:13  Raven  
  191  17:14  Orbital Command  
  196  17:15  Raven  
  196  17:18  Marine  
  196  17:19  Marine  
  196  17:21  Marine  
  200  17:26  Marine x2, Siege Tank  
  200  17:27  Marine  
  189  17:30  Siege Tank  
  189  17:33  Marine x2, Medivac x2  
  189  17:36  Marine  
  198  17:37  Marine  
  198  17:39  Marine  
  200  17:48  Terran Vehicle Weapons Level 2  
  200  17:56  Liberator  
  200  17:57  Marine x2  
  192  17:58  Liberator  
  192  18:02  Marine  
  192  18:03  Siege Tank  
  192  18:13  Missile Turret  
  192  18:14  SCV, Marine x2  
  192  18:15  Missile Turret  
  192  18:20  Siege Tank  
  195  18:30  SCV  
  195  18:31  SCV x2  
  198  18:35  Marine  
  198  18:39  Siege Tank  
  198  18:54  Raven  
  200  19:26  Siege Tank  
  200  19:30  Planetary Fortress  
  200  19:37  Command Center  
  200  19:39  Refinery x2, Command Center  
  200  20:12  Marine  
  196  20:20  Marine x4  
  196  20:21  Marine x2  
  191  20:27  Marine  
  189  20:30  Marine  
  184  20:37  Orbital Command  
  184  20:38  Marine x5  
  184  20:39  Marine  
  184  20:42  Factory  
  177  20:44  Marine, Factory  
  177  20:47  Factory  
  177  20:49  SCV x2  
  182  20:59  Orbital Command x2  
  153  21:33  Factory Tech Lab x2  
  153  21:34  Factory Tech Lab  
  153  21:36  Supply Depot  
  153  21:39  Supply Depot, Command Center x2  
  153  21:52  Supply Depot x2  
  153  21:53  Supply Depot x2  
  153  21:57  Engineering Bay  
  153  22:00  Supply Depot  
  153  22:02  Supply Depot  
  153  22:16  Supply Depot  
  145  22:26  Siege Tank x3  
  154  22:31  Barracks  
  154  22:33  Barracks  
  154  22:35  Barracks  
  154  22:43  Marine  
  154  22:44  Marine  
  156  22:46  Marine  
  151  22:59  Siege Tank  
  151  23:01  Marine x2  
  151  23:04  Marine  
  157  23:07  Siege Tank  
  160  23:17  Marine  
  160  23:19  Marine x2  
  162  23:21  Marine  
  162  23:26  Orbital Command  
  154  23:35  Marine  
  154  23:36  Marine x2  
  154  23:37  Marine x2  
  154  23:39  Marine  
  142  23:51  Siege Tank  
  142  23:53  Orbital Command, Marine, Siege Tank  
  142  23:54  Marine x2  
  142  23:55  SCV, Marine x2  
  157  23:57  Marine  
  157  24:02  Siege Tank  
  156  24:10  Marine  
  156  24:12  Marine x3, Liberator  
  156  24:13  Marine  
  156  24:15  Marine  
  165  24:18  Supply Depot  
  165  24:20  Supply Depot  
  165  24:23  Siege Tank  
  168  24:25  Siege Tank  
  168  24:28  Marine  
  168  24:29  Marine  
  168  24:30  Marine x3  
  176  24:33  Marine  
  176  24:34  Siege Tank  
  180  24:40  Refinery  
  180  24:41  Starport x2  
  180  24:43  Starport  
  180  24:46  Marine  
  180  24:47  Marine x2  
  180  24:48  Marine x2  
  180  24:50  Marine  
  186  24:55  Planetary Fortress, Siege Tank  
  186  24:57  Siege Tank  
  192  25:04  Marine  
  192  25:05  Marine x2  
  192  25:06  Marine x2, Siege Tank  
  200  25:07  Refinery  
  197  25:14  Command Center x2  
  197  25:19  Marine  
  198  25:24  Starport Tech Lab x3  
  198  25:26  SCV x2  

Tags
 
Add a new tag
Caveats
  • Supply blocks, unpowered buildings, or Contaminate may cause inaccurate times.
  • Supply counts are checked every 10 seconds.